 Dungeon Crawl Stone Soup version 0.21-a0-404-g291f19a (webtiles) character file.

1026 tof the Chopper (level 8, 0/105 HPs)
             Began as a Minotaur Berserker on Oct 28, 2017.
             Was an Elder of Trog.
             Slain by a howler monkey (2 damage)
             ... on level 5 of the Dungeon.
             The game lasted 00:06:28 (4296 turns).

tof the Chopper (Minotaur Berserker)                Turns: 4296, Time: 00:06:29

Health: 0/105      AC: 14    Str: 29    XL:     8   Next: 2%
Magic:  7/7        EV: 10    Int:  4    God:    Trog [****..]
Gold:   289        SH:  0    Dex: 10    Spells: 7/7 levels left

rFire    . . .     SeeInvis +   v - +0 war axe
rCold    . . .     Gourm    .   (no shield)
rNeg     . . .     Faith    +   l - +0 chain mail
rPois    .         Spirit   .   (helmet restricted)
rElec    .         Reflect  .   A - +0 cloak
rCorr    .         Harm     .   C - +2 pair of gloves
MR       .....                  q - +0 pair of boots
Stlth    ..........             w - amulet of faith
HPRegen  0.27/turn              E - ring of see invisible
MPRegen  0.10/turn              F - -2 ring of protection (curse)

@: berserking (expiring), very quick
A: retaliatory headbutt, horns 2
a: Berserk, Trog's Hand, Brothers in Arms, Burn Spellbooks, Renounce Religion


You were on level 5 of the Dungeon.
You worshipped Trog.
Trog was greatly pleased with you.
You were hungry.

You visited 1 branch of the dungeon, and saw 6 of its levels.

You collected 289 gold pieces.

Inventory:

Hand Weapons
 v - a +0 war axe (weapon)
Missiles
 a - 13 tomahawks (quivered)
 z - 9 poisoned needles
 B - 5 curare-tipped needles
Armour
 l - a +0 chain mail (worn)
 q - a +0 pair of boots (worn)
 A - a +0 cloak (worn)
 C - a +2 pair of gloves (worn)
Jewellery
 w - an amulet of faith (around neck)
 x - an uncursed amulet of guardian spirit
 E - a ring of see invisible (left hand)
 F - a cursed -2 ring of protection (right hand)
Wands
 D - a wand of polymorph (14/24)
Scrolls
 e - 3 scrolls of enchant weapon
 j - a scroll of amnesia
 k - a scroll of noise
 n - a scroll of immolation
 o - 2 scrolls of recharging {unknown}
 r - 3 scrolls of remove curse {unknown}
 s - 2 scrolls of teleportation {unknown}
 u - a scroll of magic mapping {unknown}
 y - a scroll of fog {unknown}
 G - a scroll of enchant armour {unknown}
Potions
 b - 2 potions of ambrosia {unknown}
 f - 2 potions of lignification {unknown}
 g - a potion of degeneration {unknown}
 h - 2 potions of curing {unknown}
 p - a potion of haste {unknown}
 H - 3 potions of brilliance {unknown}
Comestibles
 c - 6 bread rations
 d - 3 meat rations
 i - 3 fruits
 t - 2 royal jellies
 I - 10 chunks of flesh


   Skills:
 + Level 5.8 Fighting
 * Level 7.3 Axes
 * Level 6.8 Armour
 + Level 4.6 Dodging


You had 7 spell levels left.
You didn't know any spells.

Dungeon Overview and Level Annotations

Branches:
Dungeon (6/15)             Temple (0/1) D:5

Altars:
Dithmenos
Elyvilon
Kikubaaqudgha
Okawaru
Sif Muna
Yredelemnul


Innate Abilities, Weirdness & Mutations

You reflexively headbutt those who attack you in melee.
You have a pair of horns on your head.


Message History

The howler monkey is lightly wounded.
The howler monkey hits you but does no damage.
You closely miss the howler monkey. Your headbutt misses the howler monkey.
The howler monkey is lightly wounded.
The howler monkey hits you.
* * * LOW HITPOINT WARNING * * *
You closely miss the howler monkey.
The howler monkey is lightly wounded.
The howler monkey hits you.
* * * LOW HITPOINT WARNING * * *
Your chain mail prevents you from hitting the howler monkey.
The howler monkey is lightly wounded.
The howler monkey misses you.
You slash the howler monkey!
The howler monkey is heavily wounded.
The howler monkey hoots and howls with incredible vigour!
You closely miss the howler monkey. You headbutt the howler monkey!
The howler monkey is almost dead.
The howler monkey hits you.
You die...

#...............#.#
######...########.#######
#...# #....#........
#...# #.##.########.
##..###.##.# #.
#....#.##.###### #.
#.>#.#.#..(....# #.
##h#.#.#..####.# #.
#@#.#.#..#..#.# #(
#.#.#.#..#..#.###.
#.#.#.#..#........
#######.#.#.#..##.#.####
#.......#.#.#..รท..#.#
#.#######.#.##.####.# #.#
#.#....# #.# #.# #.#..###
#.# #######.### #.#..#
#.#


You could see a howler monkey.

Vanquished Creatures
  Sigmund (D:2)
  Duvessa (D:4)
  An orc warrior (D:5)
  A centaur (D:5)
  Dowan (D:4)
  A hound (D:4)
  3 orc priests
  3 orc wizards
  An iguana (D:5)
  3 worker ants
  A worker ant zombie (D:5)
  5 adders
  4 gnolls (D:4)
  A shadow imp (D:5)
  An ooze (D:1)
  2 worms
  2 dart slugs (D:3)
  2 leopard geckos
  15 orcs
  10 bats
  3 giant cockroaches
  15 goblins
  9 hobgoblins
  12 jackals
  5 quokkas
  2 frilled lizards
  2 gnoll zombies (D:4)
  9 kobolds
  10 rats
126 creatures vanquished.

Notes
Turn   | Place    | Note
-------+----------+-------------------------------------------
     0 | D:1      | tof the Minotaur Berserker began the quest for the Orb.
     0 | D:1      | Reached XP level 1. HP: 19/19 MP: 0/0
    71 | D:1      | Reached XP level 2. HP: 26/27 MP: 1/1
    74 | D:1      | Reached skill level 4 in Axes
   360 | D:1      | Reached ** piety under Trog
   360 | D:1      | Reached XP level 3. HP: 32/33 MP: 2/2
   911 | D:2      | Found a deep blue altar of Sif Muna.
  1203 | D:2      | Noticed Sigmund
  1221 | D:2      | Killed Sigmund
  1221 | D:2      | Reached skill level 5 in Axes
  1221 | D:2      | Reached XP level 4. HP: 29/41 MP: 3/3
  1221 | D:2      | Reached XP level 5. HP: 33/47 MP: 4/4
  1757 | D:3      | Found an iron altar of Okawaru.
  1846 | D:3      | Reached XP level 6. HP: 53/53 MP: 5/5
  2028 | D:3      | Reached *** piety under Trog
  2033 | D:3      | Found an ancient bone altar of Kikubaaqudgha.
  2109 | D:3      | Found a shadowy altar of Dithmenos.
  2555 | D:4      | Reached skill level 5 in Armour
  2963 | D:4      | Found a white marble altar of Elyvilon.
  2993 | D:4      | Noticed Dowan
  2994 | D:4      | Noticed Duvessa
  2999 | D:4      | Killed Dowan
  2999 | D:4      | Reached skill level 6 in Axes
  3011 | D:4      | HP: 1/55 [Duvessa/rapier (3)]
  3040 | D:4      | Killed Duvessa
  3040 | D:4      | Reached skill level 5 in Fighting
  3040 | D:4      | Reached XP level 7. HP: 20/61 MP: 6/6
  3465 | D:4      | Found a basalt altar of Yredelemnul.
  3485 | D:5      | Entered Level 5 of the Dungeon
  3863 | D:5      | Reached skill level 7 in Axes
  3947 | D:5      | Found a staircase to the Ecumenical Temple.
  3949 | D:5      | Reached **** piety under Trog
  4286 | D:5      | HP: 4/93 [orc warrior/broad axe (9)]
  4289 | D:5      | Reached XP level 8. HP: 5/70 MP: 7/7
  4292 | D:5      | HP: 3/105 [howler monkey (3)]
  4293 | D:5      | HP: 1/105 [howler monkey (2)]
  4296 | D:5      | Slain by a howler monkey

Vault maps used:
D:1:      dpeg_arrival_rooms_with_view, minmay_misc_feat_square,
          minmay_tromino_i2
D:2:      nicolae_overflow_crystal_walls, uniq_sigmund
D:3:      old_standard_altar, nicolae_dithmenos_through_a_glass_darkly,
          okawaru_gym_becter
D:4:      elyvilon_altar_1, lemuel_zombie_altar_yredelemnul,
          kennysheep_crisscross, minivault_1, st_stairs_9, uniq_duvessa
D:5:      minmay_temple_entry_large_hall, first_bread

Skill      XL: |  1  2  3  4  5  6  7 |
---------------+----------------------+-----
Axes           | 4 5 6 7 |  7.3
Armour         | 3 4 5 6 |  6.8
Fighting       | 4 5 |  5.8
Dodging        | 3 4 |  4.6

Action                   |  1- 3 |  4- 6 |  7- 9 || total
-------------------------+-------+-------+-------++-------
Melee: Hand axe          |   103 |    57 |       ||   160
       Headbutt          |    13 |    21 |    10 ||    44
       War axe           |       |    55 |    73 ||   128
Throw: Tomahawk          |       |     4 |       ||     4
Invok: Berserk           |       |     1 |     1 ||     2
       Trog's Hand       |       |     1 |       ||     1
  Use: Scroll            |       |       |     5 ||     5
  Eat: Chunk             |       |     6 |     6 ||    12
Armor: Animal skin       |    11 |       |       ||    11
       Chain mail        |    27 |    81 |    30 ||   138
Dodge: Dodged            |    74 |    60 |    39 ||   173

Table legend:
 A = Spawn XP
 B = Non-spawn XP
 C = Spawn XP percentage of total XP
 D = Spawn monster count
 E = Non-spawn monster count
 F = Spawn count percentage of total count
 G = Total turns spent on level
                    A         B        C        D         E        F      G
               +---------+---------+-------+---------+---------+-------+---------
         Total |       0 |    1466 |   0.0 |       0 |     126 |   0.0 |  4296
               +---------+---------+-------+---------+---------+-------+---------
           D:1 |       0 |      58 |   0.0 |       0 |      33 |   0.0 |   703
           D:2 |       0 |     280 |   0.0 |       0 |      22 |   0.0 |   901
           D:3 |       0 |      92 |   0.0 |       0 |      31 |   0.0 |   833
           D:4 |       0 |     445 |   0.0 |       0 |      17 |   0.0 |  1048
           D:5 |       0 |     551 |   0.0 |       0 |      22 |   0.0 |   807
           D:6 |       0 |      40 |   0.0 |       0 |       1 |   0.0 |     4
               +---------+---------+-------+---------+---------+-------+---------
